 Dungeon Crawl Stone Soup version 0.14-a0-2746-g43b4f9c (webtiles) character file.

954 Neoxx the Basher (level 8, -3/52 HPs)
             Began as a Formicid Fighter on Feb 22, 2014.
             Was a Follower of Nemelex Xobeh.
             Killed from afar by a vapour (29 damage)
             ... with a bolt of lightning
             ... summoned by the player character
             ... on Level 5 of the Dungeon.
             The game lasted 00:21:19 (6279 turns).

Neoxx the Basher (Formicid Fighter)                 Turns: 6279, Time: 00:21:20

HP  -3/52        AC 13     Str 22      XL: 8   Next: 31%
MP  11/13        EV  8     Int  7      God: Nemelex Xobeh [*.....]
Gold 183         SH 19     Dex 12      Spells:  0 memorised,  7 levels left

rFire  . . .     SeeInvis +     a - +1 flail
rCold  . . .     Clarity  .     O - +2 chain mail
rNeg   . . .     Conserve .     c - +0 shield
rPois  x         rCorr    .     (helmet unavailable)
rElec  .         rRot     .     N - +0 cloak
SustAb . .       Spirit   .     (no gloves)
rMut   .         Warding  .     (no boots)
Saprov . . .     Stasis   +     (no amulet)
MR     .....                    T - ring of see invisible
                                o - +3 ring of evasion

@: not resistant to hostile enchantments, extremely unstealthy
A: permanent stasis, dig shafts and tunnels, four strong arms, poison weakness,
antennae 3, exoskeleton 1
a: Dig, Shaft Self, Draw One, Renounce Religion


You were on level 5 of the Dungeon.
You worshipped Nemelex Xobeh.
Nemelex Xobeh was aware of your devotion.
You were very hungry.

You visited 1 branch of the dungeon, and saw 5 of its levels.

You collected 183 gold pieces.

Inventory:

Hand weapons
 a - a +1,+1 flail (weapon)
 J - a +0,+0 orcish hand axe
 L - a +0,+0 mace
 P - a +0,+0 quarterstaff
Missiles
 g - 13 poisoned needles
 p - 6 tomahawks
 Q - 19 stones
 R - a dart (quivered)
Armour
 c - a +0 shield (worn)
 N - a +0 cloak (worn)
 O - a +2 chain mail (worn)
Magical devices
 S - a wand of polymorph (18) {unknown}
Comestibles
 d - 4 bread rations
 f - 10 sultanas
 k - an apple
 n - a sausage
 v - 3 meat rations
Scrolls
 r - 2 scrolls of enchant weapon II {unknown}
 t - a scroll of magic mapping
 w - 2 scrolls of blinking {unknown}
 x - 2 scrolls of identify {unknown}
 y - a scroll of curse jewellery {unknown}
 z - 2 scrolls of fog {unknown}
 B - 2 scrolls of remove curse
 C - 2 scrolls of immolation {unknown}
 D - 2 scrolls of fear {unknown}
 E - a scroll of curse weapon {unknown}
 F - 2 scrolls of noise {unknown}
 G - a scroll of enchant armour {unknown}
 H - a scroll of curse armour {unknown}
 I - 2 scrolls of recharging {unknown}
 K - 2 scrolls of teleportation {unknown}
 M - a scroll of enchant weapon I {unknown}
Jewellery
 l - an uncursed ring of wizardry
 o - a +3 ring of evasion (left hand)
 A - an uncursed ring of ice
 T - a ring of see invisible (right hand)
Potions
 e - a potion of flight {unknown}
 h - a potion of heal wounds {unknown}
 j - 2 potions of brilliance
 m - 3 potions of curing
 q - a potion of agility {unknown}
 s - a potion of paralysis {unknown}
 u - a potion of might {unknown}
Miscellaneous
 b - a plain deck of summonings {drawn: 3}
 i - a plain deck of destruction {wonder}


   Skills:
 - Level 3.0 Fighting
 - Level 8.0 Maces & Flails
 - Level 3.6 Armour
 - Level 3.0 Shields
 + Level 3.8 Evocations


You had 7 spell levels left.
You didn't know any spells.

Dungeon Overview and Level Annotations

Branches:
Dungeon (5/16)             Temple (0/1) D:5

Altars:
Nemelex Xobeh
Okawaru
Sif Muna
Trog
Xom

Annotations:
D:4 Pikel


Innate Abilities, Weirdness & Mutations

Your are under a permanent stasis effect.
You can dig through walls and to a lower floor.
Your four strong arms can wield any weapon, most with a shield.
You are susceptible to poison.
You have a pair of large antennae on your head (SInv).
Your body is surrounded by an exoskeleton. (AC +1)


Message History

You are wearing:
T - a ring of see invisible (right hand)
What do you say? t - Shout!
Orders for allies: a - Attack new target. r - Retreat! s - Stop attacking. w - Wait here. f - Follow me.
Anything else - Stay silent.
Gang up on whom?
Press: ? - help, Dir - move target cursor, f - vapour
Aim: a vapour (slightly transparent, summoned) Attack!
The vapour throws lightning at you. The bolt of lightning hits your vapour.
Your vapour completely resists.
The bolt of lightning hits you!
Ouch! That really hurt!
The bolt of lightning hits you!
Ouch! That really hurt!
You die...
Your body disappears without a glow.

####### #.....#
##v###.####
##..v##....#
#..v..#..#.#########
#.8@8.#.........>...
###+###...######.#.#
... #.#.# #.
#...##.#.### #@
#≈≈≈##.#.#.. .@
#.oo##.#.#.### #{
######.#.#.#.. #.
#.#.# #.#.#.#.# .#.
#.#.# #.#.#.#.#.<#.


You could see a vapour (invisible) and 2 friendly vapours.

Vanquished Creatures
  3 slaves (D:5)
  A phantom (D:4)
  An ogre (D:5)
  3 hounds
  2 orc priests
  A scorpion (D:4)
  An orc wizard (D:4)
  5 worker ants
  4 gnolls
  5 adders
  2 worms (D:2)
  2 giant eyeballs (D:4)
  4 giant geckos
  3 oozes
  16 orcs
  A ball python (D:2)
  10 bats
  8 giant cockroaches
  7 goblins
  14 hobgoblins
  8 kobolds
  A giant gecko skeleton (D:4)
  3 giant newts
  A hobgoblin skeleton (D:5)
  A jackal zombie (D:5)
  A kobold zombie (D:4)
  13 rats
121 creatures vanquished.

Vanquished Creatures (collateral kills)
  An ice beast (D:5)
1 creature vanquished.

Grand Total: 122 creatures vanquished

Notes
Turn   | Place    | Note
--------------------------------------------------------------
     0 | D:1      | Neoxx, the Formicid Fighter, began the quest for the Orb.
     0 | D:1      | Reached XP level 1. HP: 16/16 MP: 1/1
   144 | D:1      | Reached XP level 2. HP: 21/21 MP: 2/2
   319 | D:1      | Reached XP level 3. HP: 22/26 MP: 3/3
  1106 | D:2      | Reached XP level 4. HP: 29/31 MP: 4/4
  1180 | D:2      | Reached skill level 4 in Maces & Flails
  1992 | D:2      | Reached XP level 5. HP: 36/36 MP: 5/5
  2290 | D:3      | Reached skill level 5 in Maces & Flails
  3021 | D:3      | Reached XP level 6. HP: 42/42 MP: 6/6
  3394 | D:4      | Reached skill level 6 in Maces & Flails
  3655 | D:4      | Reached XP level 7. HP: 46/46 MP: 7/7
  4094 | D:4      | Reached skill level 7 in Maces & Flails
  4652 | D:5      | Entered Level 5 of the Dungeon
  4652 | D:5      | Found a sparkling altar of Nemelex Xobeh.
  4655 | D:5      | Became a worshipper of Nemelex Xobeh
  4659 | D:5      | Received a gift from Nemelex Xobeh
  4679 | D:5      | Reached skill level 8 in Maces & Flails
  4839 | D:4      | Reached skill level 1 in Evocations
  4839 | D:4      | Reached XP level 8. HP: 50/52 MP: 7/9
  5197 | D:3      | Acquired Nemelex Xobeh's first power
  5290 | D:5      | Received a gift from Nemelex Xobeh
  5439 | D:5      | Found a staircase to the Ecumenical Temple.
  5720 | D:5      | Found an iron altar of Okawaru.
  5720 | D:5      | Found a shimmering altar of Xom.
  5753 | D:5      | Noticed Pikel
  5926 | D:5      | Found a bloodstained altar of Trog.
  5931 | D:5      | Noticed a vapour
  6268 | D:5      | Found a deep blue altar of Sif Muna.
  6276 | D:5      | Noticed a vapour
  6279 | D:5      | Killed from afar by a vapour

Action                   |  1- 3 |  4- 6 |  7- 9 || total
-------------------------+-------+-------+-------++-------
Melee: Mace              |   119 |   276 |    12 ||   407
       Flail             |       |       |   171 ||   171
Throw: Dart              |       |     4 |    15 ||    19
       Tomahawk          |       |       |     8 ||     8
Invok: Draw One          |       |       |     3 ||     3
 Abil: Dig               |     1 |     2 |     6 ||     9
Evoke: Wand              |       |     1 |     1 ||     2
  Use: Scroll            |       |     2 |       ||     2
       Potion            |       |       |     2 ||     2
